 Dungeon Crawl Stone Soup version 0.29-a0-284-gf9362112df (webtiles) character file.

Game seed: 7647868648099084898

184 sammy202020 the Skirmisher (level 5, -1/34 HPs)
             Began as a Gargoyle Berserker on Mar 20, 2022.
             Was a Believer of Trog.
             Slain by an orc warrior
             ... wielding a +0 flail
              (12 damage)
             ... on level 3 of the Dungeon.
             The game lasted 00:05:53 (2448 turns).

sammy202020 the Skirmisher (Gargoyle Berserker)     Turns: 2448, Time: 00:05:53

Health: -1/34      AC: 22    Str: 20    XL:     5   Next: 63%
Magic:  5/5        EV:  6    Int: 10    God:    Trog [**....]
Gold:   155        SH:  0    Dex:  9    Spells: 4/4 levels left

rFire   . . .      SeeInvis .   s - +0 flail
rCold   . . .      Faith    .   (no shield)
rNeg    + . .      Spirit   .   g - +0 plate armour
rPois   ∞          Reflect  .   n - +0 helmet
rElec   +          Harm     .   b - +0 cloak
rCorr   .          Rampage  .   (no gloves)
Will    ++...                   (no boots)
Stlth   ..........              (no amulet)
HPRegen 1.11/turn               o - +4 ring of protection
MPRegen 0.09/turn               (no ring)

@: strong-willed, regenerating
A: sickness immunity, AC +4, negative energy resistance 1, electricity
resistance, torment resistance 1, petrification resistance
a: Renounce Religion, Berserk, Trog's Hand


You were on level 3 of the Dungeon.
You worshipped Trog.
Trog was pleased with you.
You visited 1 branch of the dungeon, and saw 3 of its levels.

You collected 155 gold pieces.

Inventory:

Hand Weapons
 a - a +0 mace
 s - a +0 flail (weapon)
Missiles
 c - 7 poisoned darts (quivered)
Armour
 b - a +0 cloak (worn)
 d - a +0 chain mail of fire resistance
 g - a +0 plate armour (worn)
 n - a +0 helmet (worn)
Jewellery
 h - a ring of magical power
 o - a +4 ring of protection (left hand)
 q - a ring of ice
Wands
 i - a wand of polymorph (11)
Potions
 e - a potion of mutation
 f - a potion of cancellation {unknown}
 j - a potion of experience {unknown}
 k - a potion of curing {unknown}
 l - a potion of magic {unknown}
 m - 2 potions of resistance
 p - 2 potions of brilliance {unknown}
 r - a potion of lignification {unknown}


   Skills:
 * Level 4.5 Fighting
 * Level 4.1 Maces & Flails
 * Level 3.8 Armour
 + Level 2.1 Dodging


You had 4 spell levels left.
You didn't know any spells.
Your spell library was empty.

Dungeon Overview and Level Annotations

Branches:
Dungeon (3/15)

Altars:
Elyvilon
Yredelemnul


Innate Abilities, Weirdness & Mutations

You are immune to sickness and miasma.
Your stone body is resilient. (AC +4)
You are immune to poison.
You resist negative energy. (rN+)
You are resistant to electric shocks. (rElec)
You are resistant to unholy torment.
You are immune to petrification.


Message History

Trog accepts your kill.
No target in view!
No target in view!
You see here a bat corpse.
You see here a +0 flail.
An orc priest comes into view. It is wielding a +0 mace.
The orc priest shouts!
You hear a shout! x2
The orc priest moves out of view.
An orc warrior comes into view. It is wielding a +0 flail.
The orc warrior shouts!
An orc wizard comes into view. It is wielding a +0 dagger.
The orc priest mumbles some strange prayers to Beogh against you.
Pain shoots through your body!
The orc priest hits you but does no damage.
You hit the orc warrior.
The orc warrior is moderately wounded.
The orc priest hits you with a +0 mace.
The orc warrior hits you with a +0 flail.
You thump the orc warrior!
The orc warrior is heavily wounded.
The orc priest hits you with a +0 mace.
The orc warrior hits you with a +0 flail!
* * * LOW HITPOINT WARNING * * *
You are too injured to fight recklessly!
You are too injured to fight recklessly!
You are too injured to fight recklessly!
You are too injured to fight recklessly!
You are too injured to fight recklessly!
You are too injured to fight recklessly!
You are too injured to fight recklessly!
You are too injured to fight recklessly!
You are too injured to fight recklessly!
You are too injured to fight recklessly!
You are too injured to fight recklessly!
Your skin crawls.
You feel strong-willed.
The orc priest hits you but does no damage.
The orc wizard hits you but does no damage.
The orc warrior hits you with a +0 flail!
You die...

......... ...
......... ##.###
.......## .....###
....#### #......###
..####.. #........#
## #....
#........######....
#ooo...####..####..
#.@..####......####
#..####....##....##
#...)......###.....
#####.....###......
#....## #....##
#....# #....#
.########†...#
#....#
..)..........#
#....#
.............#
#....#


You could see an orc warrior, an orc priest and an orc wizard.

Vanquished Creatures
  Terence (D:3)
  Robin (D:3)
  4 gnolls (D:3)
  2 adders
  2 worms (D:3)
  An orc (D:3)
  7 ball pythons
  5 endoplasms
  3 giant cockroaches (D:1)
  13 goblins
  10 hobgoblins
  2 jackals (D:3)
  14 kobolds
  5 quokkas
  3 bats
  A frilled lizard (D:2)
  6 rats
80 creatures vanquished.

Notes
Turn   | Place    | Note
-------+----------+-------------------------------------------
     0 | D:1      | sammy202020 the Gargoyle Berserker began the quest for the
                  | Orb.
     0 | D:1      | Reached XP level 1. HP: 14/14 MP: 1/1
   165 | D:1      | Reached XP level 2. HP: 15/19 MP: 2/2
   606 | D:1      | Found a faded altar of an unknown god.
   612 | D:1      | Reached XP level 3. HP: 20/23 MP: 3/3
  1276 | D:2      | Reached ** piety under Trog
  1429 | D:2      | Found a white marble altar of Elyvilon.
  1442 | D:2      | Reached XP level 4. HP: 29/29 MP: 4/4
  1811 | D:3      | Noticed Robin
  1839 | D:3      | Killed Robin
  2108 | D:3      | Noticed Terence
  2123 | D:3      | Killed Terence
  2124 | D:3      | Reached XP level 5. HP: 33/34 MP: 5/5
  2373 | D:3      | Found a basalt altar of Yredelemnul.
  2443 | D:3      | Noticed an orc warrior
  2448 | D:3      | Slain by an orc warrior

Illustrated notes

Levels and vault maps discovered:
D:1:      lightli_arrival_statuegarden, layout_loops_ring,
          dreamdust_ecumenical_altar_grove, minmay_unequal
D:2:      layout_basic, basic_altar, minmay_goblin_kobold_house
D:3:      layout_basic, general_overflow_altar, tgw_trog, minmay_misc_feat_x,
          uniq_robin, uniq_crazy_yiuf_cottage, uniq_terence

Skill      XL: |  1  2  3  4 |
---------------+-------------+-----
Armour         | 3 |  3.8
Fighting       | 4 |  4.5
Dodging        | 2 |  2.1
Maces & Flails | 4 |  4.1

Action                   |  1- 3 |  4- 6 || total
-------------------------+-------+-------++-------
Melee: Mace              |   132 |   158 ||   290
       Punch             |     1 |     1 ||     2
       Flail             |       |     9 ||     9
Invok: Trog's Hand       |       |     3 ||     3
  Use: Scroll            |     6 |     2 ||     8
Armor: Animal skin       |     2 |       ||     2
       Plate armour      |    97 |   225 ||   322
       Ring mail         |     3 |       ||     3
Dodge: Dodged            |    50 |    76 ||   126

Table legend: (Time is in decaauts)
 A = Elapsed time spent in this place.
 B = Non-inter-level travel time spent in this place.
 C = Inter-level travel time spent in this place.
 D = Time resting spent in this place.
 E = Time spent auto-exploring this place.
 F = Levels seen in this place.
 G = Mean time per level.
                   A        B        C        D        E       F      G
               +--------+--------+--------+--------+--------+-----+--------+
         Total |   2511 |   2490 |     21 |      0 |   1699 |   3 |  837.0 |
       Dungeon |   2511 |   2490 |     21 |      0 |   1699 |   3 |  837.0 |
               +--------+--------+--------+--------+--------+-----+--------+

Top non-repeatable levels by time:
     D:1: 1250 daAuts
     D:3: 667 daAuts
     D:2: 594 daAuts
